 Dungeon Crawl Stone Soup version 0.28.0-53-g5a82cb258f (console) character file.

Game seed: 15399473920835748396

947 erker the Digger (level 8, -1/69 HPs)
             Began as an Octopode Earth Elementalist on July 30, 2022.
             Slain by a gnoll
             ... wielding a +3 flail of protection
              (4 damage)
             ... on level 5 of the Dungeon.
             The game lasted 00:15:00 (6262 turns).

erker the Digger (Octopode Earth Elementalist)      Turns: 6262, Time: 00:15:01

Health: -1/69      AC: 24    Str:  7    XL:     8   Next: 13%
Magic:  5/11       EV:  2    Int: 19    God:
Gold:   220        SH:  4    Dex: 13    Spells: 4/11 levels left

rFire   + . .      SeeInvis .   a - +4 short sword (venom)
rCold   . . .      Faith    .   v - +0 buckler
rNeg    . . .      Spirit   .   (helmet currently unavailable)
rPois   +          Reflect  .   (no amulet)
rElec   .          Harm     .   g - ring of protection from fire
rCorr   .          Rampage  .   (no ring)
Will    .....      NoTele   +   (no ring)
Stlth   +++.......              (no ring)
HPRegen 0.21/turn               (no ring)
MPRegen 0.12/turn               (no ring)
                                (no ring)
                                (no ring)

@: tree-form, hasted, very quick
A: stationary, stasis, torment immunity, boosted hp, almost no armour,
(amphibious), 8 rings, (camouflage 1), (gelatinous body 1), (nimble swimmer 1),
(tentacles)
a: no special abilities


You were on level 5 of the Dungeon.
You were a tree.
You visited 1 branch of the dungeon, and saw 6 of its levels.

You collected 220 gold pieces.

Inventory:

Hand Weapons
 a - a +4 short sword of venom (weapon)
 c - a +0 dagger
Missiles
 b - 230 stones
 n - 5 poisoned darts
 y - a throwing net
Armour
 v - a +0 buckler (worn)
Magical Staves
 i - a staff of fire
 w - a staff of earth
Jewellery
 g - a ring of protection from fire (left branch)
Scrolls
 d - a scroll of teleportation {unknown}
 l - 2 scrolls of fog {unknown}
 m - a scroll of holy word {unknown}
 p - a scroll of amnesia {unknown}
 q - a scroll of enchant armour {unknown}
 r - 3 scrolls of identify {unknown}
 s - a scroll of fear {unknown}
 u - a scroll of silence {unknown}
Potions
 e - a potion of lignification
 f - a potion of magic {unknown}
 h - a potion of resistance {unknown}
 j - a potion of haste
 k - a potion of curing {unknown}
 o - a potion of brilliance {unknown}
 t - a potion of attraction {unknown}
 x - a potion of ambrosia {unknown}


   Skills:
 - Level 2.0 Short Blades
 - Level 2.0 Dodging
 + Level 4.4 Stealth
 - Level 2.0 Shields
 - Level 2.0 Spellcasting
 - Level 6.0 Transmutations
 + Level 6.1 Earth Magic


You had 4 spell levels left.
You knew the following spells:

 Your Spells              Type           Power      Damage    Failure   Level
a - Sandblast             Erth           50%        2d12      1%          1
p - Petrify               Tmut/Erth      25%        N/A       19%         4
w - Passwall              Tmut/Erth      20%        N/A       2%          2

Your spell library contained the following spells:

 Spells                   Type           Power      Damage    Failure   Level
 Stone Arrow              Conj/Erth      26%        3d8       19%         3


Dungeon Overview and Level Annotations

Branches:
Dungeon (6/15)
 Temple: D:4-7

Altars:
Ru
Uskayaw

Shops:
D:4 [

Annotations:
D:2 Terence
D:4 exclusion: ogre
D:5 1 runed translucent door, Crazy Yiuf


Innate Abilities, Weirdness & Mutations

You are a tree.
Your roots penetrate the ground, keeping you stationary.
You cannot be teleported.
You are immune to unholy pain and torment.
Your maximum health is greatly increased.
You cannot wear most types of armour.
((You are amphibious.))
You can wear up to eight rings at the same time.
((Your skin changes colour to match your surroundings (Stealth+).))
((Your rubbery body absorbs attacks. (AC +1, EV +1)))
((You are camouflaged when in or above water. (Stealth+)))
((You have tentacles for arms and can constrict up to eight enemies at once.))


Message History

Aim: a gnoll, wielding a +3 flail of protection (severely wounded, fast, 83% to hit)
The blast of sand hits the gnoll but does no damage.
The gnoll is severely wounded.
The gnoll hits you with a +3 flail of protection.
* * * LOW HITPOINT WARNING * * *
Casting: Sandblast (safe; 1% risk of failure)
Confirm with . or Enter, or press ? or * to list all spells.
Aiming: Sandblast (safe; 1% risk of failure)
Press: ? - help, Shift-Dir - straight line, f/p - gnoll
Aim: a gnoll, wielding a +3 flail of protection (severely wounded, fast, 83% to hit)
Okay, then.
Unknown command.
Unknown command.
Unknown command.
Unknown command.
Unknown command.
Unknown command.
Unknown command.
The gnoll hits you with a +3 flail of protection!
* * * LOW HITPOINT WARNING * * *
It was a potion of lignification.
You turn into a tree.
Your roots penetrate the ground.
The gnoll completely misses you. The gnoll hits you but does no damage.
You barely miss the gnoll. You punch the gnoll.
The gnoll is severely wounded.
The gnoll hits you but does no damage.
The gnoll hits you with a +3 flail of protection.
* * * LOW HITPOINT WARNING * * *
It was a potion of haste.
You feel yourself speed up. The gnoll hits you but does no damage.
You hit the gnoll but do no damage.
The gnoll is poisoned.
The gnoll is severely wounded.
The gnoll hits you but does no damage.
You hit the gnoll but do no damage.
The gnoll is severely wounded.
The gnoll hits you but does no damage.
You barely miss the gnoll.
The gnoll is severely wounded.
The gnoll hits you with a +3 flail of protection.
You die...

........#.........#.......#
........#.........#..>gg<.#
........#.........#.......#
........#.........#.......#
........#.........#.......#
........#.........#..g....#
...######.........#.......#
...#..............#..g....#
...#............♣.#.......#
...#(...........g.#.......#
...#.............##.......#
...#.............##.......#
...#............).........#
...#...##.................#
...#...##.................#
'###....'.................#
.......##...##............#


You could see a gnoll (fast, poisoned).

Vanquished Creatures
  An ice beast (D:5)
  An ogre (D:5)
  A phantom (D:4)
  A scorpion (D:5)
  2 jellies
  A gnoll sergeant (D:5)
  A water moccasin skeleton (D:4)
  2 howler monkeys (D:5)
  A bullfrog skeleton (D:5)
  2 centaur skeletons (D:4)
  A gnoll shaman (D:5)
  A hound (D:5)
  An orc wizard (D:5)
  A hound skeleton (D:4)
  7 adders
  5 gnolls
  A shadow imp (D:5)
  A worm (D:2)
  4 orcs (D:5)
  4 ball pythons
  2 bats
  7 endoplasms
  3 giant cockroaches
  4 hobgoblins
  10 jackals
  6 kobolds
  4 quokkas
  3 frilled lizards (D:1)
  6 goblins
  5 rats
89 creatures vanquished.

Notes
Turn   | Place    | Note
-------+----------+-------------------------------------------
     0 | D:1      | erker the Octopode Earth Elementalist began the quest for
                  | the Orb.
     0 | D:1      | Reached XP level 1. HP: 11/11 MP: 3/3
   318 | D:1      | Reached XP level 2. HP: 17/17 MP: 1/5
   504 | D:1      | Noticed a great orb of eyes
   506 | D:1      | Found a faded altar of an unknown god.
   508 | D:1      | Reached skill level 1 in Short Blades
   509 | D:1      | Noticed an eye of devastation
   509 | D:1      | Noticed a great orb of eyes
   509 | D:1      | Noticed a great orb of eyes
   948 | D:1      | Reached XP level 3. HP: 21/21 MP: 0/6
  1223 | D:2      | Noticed Terence
  1230 | D:2      | Learned a level 2 spell: Passwall
  1985 | D:3      | Reached XP level 4. HP: 20/27 MP: 7/7
  2339 | D:3      | Identified the +7 hunting sling "Nuphoxza" {vorpal, rF++
                  | Will+ MP-9 Dex+4}
  2810 | D:4      | Reached XP level 5. HP: 23/31 MP: 5/8
  3000 | D:4      | Noticed an ogre
  3020 | D:4      | Learned a level 4 spell: Petrify
  3055 | D:4      | Found Irghaosh's Antique Armour Boutique.
  3368 | D:4      | Noticed a phantom
  3374 | D:4      | Killed a phantom
  3375 | D:4      | Reached XP level 6. HP: 36/36 MP: 4/9
  4121 | D:5      | Entered Level 5 of the Dungeon
  4264 | D:5      | Reached XP level 7. HP: 41/41 MP: 6/10
  4323 | D:5      | Reached skill level 5 in Earth Magic
  4328 | D:5      | Reached skill level 5 in Transmutations
  4538 | D:5      | Found a runed translucent door.
  4538 | D:5      | Noticed Crazy Yiuf
  4609 | D:5      | Identified the +1 cloak of the Bulwark {Fly rF+ Regen+}
  4631 | D:5      | Reached skill level 1 in Shields
  4783 | D:5      | Found a sacrificial altar of Ru.
  4783 | D:5      | Found a hide-covered altar of Uskayaw.
  5404 | D:5      | Reached XP level 8. HP: 46/46 MP: 9/11
  6258 | D:5      | HP: 2/69 [gnoll/+3 flail of protection (3)]
  6262 | D:5      | Slain by a gnoll

Illustrated notes

Levels and vault maps discovered:
D:1:      psy_arrival_conway, layout_basic,
          hellmonk_ecumenical_altar_watching_god
D:2:      layout_basic, uniq_terence
D:3:      layout_loops_ring, kennysheep_generic_room_6
D:4:      layout_basic, serial_shops, nicolae_shop_behind_doors,
          kennysheep_generic_room_4
D:5:      layout_gridville, gammafunk_temple_overflow_elements,
          uniq_crazy_yiuf_cottage
D:6:      layout_gridville, minmay_temple_entry_poolview, st_stairs_1

Skill      XL: |  1  2  3  4  5  6  7  8 |
---------------+-------------------------+-----
Stealth        | 3 4 |  4.4
Short Blades   | 1 2 |  2.0
Transmutations | 2 4 5 6 |  6.0
Earth Magic    | 4 5 6 |  6.1
Shields        | 2 |  2.0
Dodging        | |  2.0
Spellcasting   | |  2.0

Action                   |  1- 3 |  4- 6 |  7- 9 || total
-------------------------+-------+-------+-------++-------
Melee: Unarmed           |    14 |       |       ||    14
       Constrict         |    20 |     8 |     9 ||    37
       Tentacles         |    15 |    11 |    11 ||    37
       Dagger            |    42 |       |       ||    42
       Punch             |     4 |       |     2 ||     6
       Short sword       |    33 |    47 |    44 ||   124
       Staff             |       |     2 |       ||     2
 Cast: Sandblast         |     9 |    17 |    24 ||    50
       Petrify           |       |     1 |    10 ||    11
  Use: Potion            |       |       |     2 ||     2
 Stab: Sleeping          |     9 |     7 |     3 ||    19
       Petrified         |       |     4 |    15 ||    19
Armor: Skin              |     4 |     2 |     5 ||    11
Dodge: Dodged            |    63 |    20 |    15 ||    98
Block: Buckler           |       |       |     5 ||     5
